 Dungeon Crawl Stone Soup version 0.30-a0-373-gd37427bb62 (webtiles) character file.

Game seed: 3341567192701814227

50456 ketsa the Tortoise (level 14, -9/109 HPs)
             Began as a Minotaur Fighter on Nov 24, 2022.
             Was the Champion of Hepliaklqana.
             Mangled by a dire elephant (26 damage)
             ... on level 5 of the Lair of Beasts.
             The game lasted 01:08:09 (19237 turns).

ketsa the Tortoise (Minotaur Fighter)              Turns: 19237, Time: 01:08:10

Health: -9/109     AC: 24    Str: 23    XL:     14   Next: 19%
Magic:  13/13      EV: 16    Int:  5    God:    Hepliaklqana [******]
Gold:   886        SH:  6    Dex: 13    Spells: 11/13 levels left

rFire   . . .      SeeInvis .    a - +1 flail (venom)
rCold   . . .      Faith    .    c - +0 buckler
rNeg    . . .      Spirit   .    o - +0 chain mail
rPois   .          Reflect  .    (helmet restricted)
rElec   .          Harm     .    (no cloak)
rCorr   .          Rampage  .    k - +1 pair of gloves
Will    +....                    j - +1 pair of boots
Stlth   ..........               h - amulet of the acrobat
HPRegen 0.38/turn                u - +4 ring of protection
MPRegen 0.13/turn                z - +4 ring of evasion

@: no status effects
A: reduced essence, horns 2, retaliatory headbutt
a: Renounce Religion, Recall Ancestor, Ancestor Identity, Transference, Idealise


You were on level 5 of the Lair of Beasts.
You worshipped Hepliaklqana.
Hepliaklqana was exalted by your worship.
You visited 5 branches of the dungeon, and saw 19 of its levels.
You also visited: Ossuary, Bailey and Gauntlet.

You collected 908 gold pieces.
You spent 22 gold pieces at shops.

Inventory:

Hand Weapons
 a - a +1 flail of venom (weapon)
 Q - a +2 flail of holy wrath
 R - the +2 sling of the Pyrrhic Victory {drain, Fly Will+}
   (You found it in a Gauntlet)

   A truly terrible weapon, it drains the life of any living foe it strikes.
   Fly:       It grants you flight.
   Will:      It increases your willpower.
Missiles
 v - 4 silver javelins (quivered)
 J - 6 boomerangs
 Y - 4 silver boomerangs
Armour
 b - a +0 plate armour
 c - a +0 buckler (worn)
 j - a +1 pair of boots (worn)
 k - a +1 pair of gloves (worn)
 o - a +0 chain mail (worn)
 r - the -1 pair of boots of the Pleiades {rCorr SInv}
   (You found it in a Gauntlet)

   SInv:      It lets you see invisible.
   rCorr:     It protects you from acid and corrosion.
 A - +0 ice dragon scales
Jewellery
 h - an amulet of the acrobat (around neck)
 l - a ring of magical power
 m - a +6 ring of strength
 p - a ring of protection from cold
 u - a +4 ring of protection (left hand)
 z - a +4 ring of evasion (right hand)
 C - a ring of flight
 L - the amulet of Elemental Vulnerability {rPois rF-- rC-- AC+8}
   (You found it on level 7 of the Dungeon)

   [amulet of nothing]

   AC:        It affects your AC (+8).
   rF:        It makes you very vulnerable to fire.
   rC:        It makes you very vulnerable to cold.
   rPois:     It protects you from poison.
 T - an amulet of regeneration
Wands
 i - a wand of roots (20)
 x - a wand of flame (9)
 G - a wand of digging (5)
 K - a wand of polymorph (11)
 S - a wand of paralysis (15)
 X - a wand of mindburst (8)
Scrolls
 e - a scroll of blinking
 n - 6 scrolls of teleportation
 y - 2 scrolls of enchant armour
 B - 2 scrolls of torment
 D - a scroll of amnesia
 F - a scroll of brand weapon
 I - 3 scrolls of magic mapping
 N - 8 scrolls of identify
 V - 3 scrolls of summoning
 W - 3 scrolls of butterflies
Potions
 d - 2 potions of might
 f - 3 potions of haste
 g - 5 potions of curing
 q - 6 potions of invisibility
 s - 4 potions of magic
 t - 6 potions of lignification
 w - 5 potions of flight
 E - 4 potions of resistance
 H - a potion of attraction
 M - 4 potions of berserk rage
 O - 6 potions of heal wounds
 P - 5 potions of mutation
 U - 2 potions of brilliance
Miscellaneous
 Z - a phantom mirror


   Skills:
 + Level 10.8 Fighting
 + Level 18.4 Maces & Flails
 + Level 3.2 Throwing
 * Level 18.8 Armour
 + Level 9.3 Dodging
 - Level 9.9 Shields
 + Level 2.9 Evocations


You had 11 spell levels left.
You knew the following spells:

 Your Spells              Type           Power      Damage    Failure   Level
a - Blink                 Tloc           0%         N/A       98%         2

Your spell library contained the following spells:

 Spells                   Type           Power      Damage    Failure   Level
 Magic Dart               Conj           0%         1d3       94%         1
 Sandblast                Erth           0%         2d4       94%         1
 Call Imp                 Summ           0%         N/A       98%         2
 Momentum Strike          Conj/Tloc      0%         3d8       98%         2
 Dazzling Flash           Conj/Hex       0%         N/A       100%        3
 Gell's Gravitas          Tloc           0%         N/A       100%        3
 Hailstorm                Conj/Ice       0%         3d3       100%        3
 Lesser Beckoning         Tloc           0%         N/A       100%        3
 Mephitic Cloud           Conj/Pois/Air  0%         N/A       100%        3
 Teleport Other           Tloc           0%         N/A       100%        3
 Anguish                  Hex/Necr       0%         N/A       100%        4
 Ice Form                 Ice/Tmut       0%         N/A       100%        4
 Olgreb's Toxic Radiance  Pois           0%         N/A       100%        4
 Petrify                  Tmut/Erth      0%         N/A       100%        4
 Agony                    Necr           0%         N/A       100%        5
 Blade Hands              Tmut           0%         N/A       100%        5
 Borgnjor's Vile Clutch   Necr/Erth      0%         N/A       100%        5
 Irradiate                Conj/Tmut      0%         3d11      100%        5
 Lee's Rapid Deconstruct  Erth           0%         3d4*      100%        5
 Metabolic Englaciation   Hex/Ice        0%         N/A       100%        5
 Silence                  Hex/Air        0%         N/A       100%        5
 Dispersal                Tloc           0%         N/A       100%        6
 Simulacrum               Ice/Necr       0%         N/A       100%        6
 Statue Form              Tmut/Erth      0%         N/A       100%        6
 Dragon Form              Tmut           0%         N/A       100%        7
 Enfeeble                 Hex            0%         N/A       100%        7
 Ozocubu's Refrigeration  Ice            0%         4d7       100%        7
 Spellforged Servitor     Conj/Summ      0%         N/A       100%        7
 Ignition                 Fire           0%         3d3       100%        8


Dungeon Overview and Level Annotations

Branches:
Dungeon (11/15)            Temple (1/1) D:6            Lair (5/5) D:11
 Shoals (1/4) Lair:3        Snake (1/4) Lair:2        Slime (0/5) Lair:4
Ossuary (visited)          Bailey (visited)         Gauntlet (visited)
    Orc: D:9-12

Altars:
Ashenzari
Cheibriados
Dithmenos
Elyvilon
Fedhas
Gozag
Hepliaklqana
Kikubaaqudgha
Makhleb
Nemelex Xobeh
Okawaru
Qazlal
Ru
Sif Muna
Trog
Uskayaw
Vehumet
Wu Jian
Xom
Yredelemnul
Zin
The Shining One
Jiyva

Shops:
D:9 *==

Annotations:
D:11 Lodul
Lair:5 exclusion: obsidian statue


Innate Abilities, Weirdness & Mutations

Your life essence is reduced to manifest your ancestor. (-10% HP)
You have a pair of horns on your head.
You reflexively headbutt those who attack you in melee.


Message History

The necromancer points at you and mumbles some strange words.
You struggle to resist.
The dire elephant completely misses you.
You block the dire elephant's attack.
The necromancer hits you but does no damage.
There is an open door, spattered with blood here.
You see here a dire elephant corpse.
You swap places.
The dire elephant tramples Hrothgar.
Hrothgar holds his ground!
The dire elephant trunk-slaps Hrothgar!
Hrothgar points at the dire elephant and mumbles some strange words.
The stone arrow hits the dire elephant.
The necromancer hits Hrothgar with a +0 dagger.
The dire elephant tramples Hrothgar.
Hrothgar holds his ground!
The dire elephant trunk-slaps Hrothgar.
Hrothgar hits the dire elephant with a +0 quarterstaff!
The necromancer hits Hrothgar with a +0 dagger.
You swap places.
The dire elephant completely misses you.
You furiously retaliate!
You headbutt the dire elephant! The dire elephant misses you.
The necromancer hits you but does no damage.
There is an open door, spattered with blood here.
You see here a dire elephant corpse.
You thump the dire elephant!
You headbutt the dire elephant, but do no damage.
The dire elephant is moderately wounded.
The dire elephant tramples you but does no damage.
The dire elephant trunk-slaps you!
You thump the dire elephant!
The dire elephant is poisoned.
The dire elephant is heavily wounded.
The necromancer hits you but does no damage.
The dire elephant tramples you!!
* * * LOW HITPOINT WARNING * * *
You hold your ground!
You block the dire elephant's attack.
You hit the dire elephant.
The dire elephant looks as sick as possible!
The dire elephant is heavily wounded.
The necromancer hits you but does no damage.
The dire elephant tramples you!!
You die...

##...'..######..........
##..R'....# ♣..##...#.P
#.P.#####.# ♣P..##...###
###..'..#.##♣..##....#
#..'..#..#♣.##.#...#
####..##.##P..#...##
#...#.###......##
#8R8#P.P#♣.#....#
##@####.##..##..#
#Yp.~#..#..#...# #
.Z~≈~##.#.P.#..###
#~~≈≈~~#.#.........
#~≈≈≈~.#.#...##.##.
##~≈≈.##.#.....##.#
#''####.#....#####
8..8##8.#.....# #
..YY#8..'...P.#


You could see the friendly Hrothgar the battlemage, a dire elephant (extremely
poisoned, ally target), a spectral anaconda and a necromancer.

Vanquished Creatures
  A dire elephant (Lair:5)
  A minotaur (Gauntlet)
  A fire dragon (Lair:3)
  2 hydras
  A death yak (Lair:5)
  2 boulder beetles
  A necromancer (Lair:5)
  14 elephants
  2 black mambas
  4 komodo dragons
  A cane toad (Lair:3)
  2 unseen horrors
  3 rime drakes
  2 kobold demonologists (D:10)
  2 polar bears
  3 trolls (D:9)
  9 blink frogs
  Grinder (D:4)
  4 shadows
  2 wyverns
  A spriggan (Bailey)
  11 yaks
  A dire elephant simulacrum (Lair:5)
  A steam dragon (D:6)
  A basilisk (Lair:5)
  3 fire bats (Lair:1)
  2 small abominations (Gauntlet)
  Grum (D:8)
  3 nagas (Lair:2)
  3 water moccasins
  4 ice beasts
  7 orc warriors
  A sky beast (D:5)
  2 black bears
  5 ogres
  17 wolves
  An elephant skeleton (Lair:5)
  3 centaurs
  A phantom (D:6)
  5 kobold brigands
  3 necrophages
  8 bullfrogs
  A gnoll sergeant (D:10)
  A scorpion (D:5)
  Dowan (D:6)
  14 killer bees
  An electric eel (Lair:3)
  2 human zombies (Ossuary)
  A hound (D:5)
  5 orc priests
  2 jellies (D:6)
  15 orc wizards
  2 iguanas
  2 mummies (Ossuary)
  Robin (D:2)
  10 gnolls
  3 adders
  3 shadow imps
  3 white imps
  2 ufetubi (D:5)
  2 adder zombies (Ossuary)
  A dart slug (D:2)
  49 orcs
  3 bats
  6 endoplasms
  A giant cockroach (D:4)
  8 goblins
  6 hobgoblins
  7 jackals (D:2)
  3 ball pythons
  2 frilled lizards
  A goblin zombie (Ossuary)
  13 hobgoblin zombies (Ossuary)
  2 jackal zombies (Ossuary)
  18 kobolds
  7 kobold zombies (Ossuary)
  7 orc zombies (Ossuary)
  A rat (D:2)
  3 rat zombies (Ossuary)
351 creatures vanquished.

Vanquished Creatures (collateral kills)
  2 dire elephants (Lair:5)
  Snorg (D:11)
  An ice dragon (Lair:5)
  A hydra (Lair:3)
  Erica (D:11)
  A two-headed ogre (Bailey)
  A death yak (Lair:5)
  A wretched star (Gauntlet)
  2 necromancers (Lair:5)
  A cyclops (D:11)
  A manticore (D:11)
  8 elephants
  3 black mambas
  6 cane toads
  An unseen horror (D:11)
  2 komodo dragons
  A rime drake (Lair:1)
  A polar bear (Lair:5)
  A queen bee (Gauntlet)
  Prince Ribbit (D:8)
  5 blink frogs
  2 wyverns
  12 yaks
  2 spriggans (Bailey)
  2 shadows
  A basilisk (Lair:2)
  4 fire bats (Lair:1)
  2 steam dragons
  3 nagas (Lair:2)
  Duvessa (D:6)
  5 water moccasins
  2 ice beasts (D:11)
  A black bear (Lair:1)
  2 sky beasts
  An ogre (Bailey)
  A centaur (Lair:3)
  14 wolves
  7 bullfrogs
  3 scorpions
  A cane toad simulacrum (Lair:5)
  7 killer bees
  2 electric eels
  A howler monkey (D:10)
  A lava snake (Lair:1)
  A gnoll bouda (D:5)
  4 orc priests
  4 orc wizards
  An adder (D:6)
  2 gnolls
  2 white imps (Lair:5)
  An ufetubus (D:7)
  20 orcs
  8 kobolds
  A butterfly (D:6)
163 creatures vanquished.

Vanquished Creatures (others)
  A spriggan (Bailey)
  7 battlemagi
  An ancestor (D:6)
  12 fungi
  23 plants
  27 withered plants
71 creatures vanquished.

Grand Total: 585 creatures vanquished

Notes
Turn   | Place    | Note
-------+----------+-------------------------------------------
     0 | D:1      | ketsa the Minotaur Fighter began the quest for the Orb.
     0 | D:1      | Reached XP level 1. HP: 19/19 MP: 0/0
    72 | D:1      | Found a faded altar of an unknown god.
   395 | D:1      | Reached XP level 2. HP: 19/26 MP: 1/1
   819 | D:2      | Found a hide-covered altar of Uskayaw.
   909 | D:2      | Noticed Robin
   939 | D:2      | Reached XP level 3. HP: 28/31 MP: 2/2
   948 | D:2      | Killed Robin
  1401 | D:2      | Reached skill level 5 in Maces & Flails
  1702 | D:3      | Reached XP level 4. HP: 30/39 MP: 3/3
  2207 | D:3      | Found a radiant altar of Vehumet.
  2494 | D:4      | Noticed a necrophage
  2532 | D:4      | Killed a necrophage
  2533 | D:4      | Reached XP level 5. HP: 42/45 MP: 4/4
  2601 | D:4      | Noticed Grinder
  2602 | D:4      | Paralysed by Grinder for 2 turns
  2739 | D:5      | Entered Level 5 of the Dungeon
  2762 | D:5      | Found a hazy altar of Hepliaklqana.
  2762 | D:5      | Noticed a sky beast
  2777 | D:5      | Killed a sky beast
  2778 | D:5      | Reached XP level 6. HP: 38/51 MP: 5/5
  2903 | D:5      | Became a worshipper of Hepliaklqana the Forgotten
  2972 | D:5      | Found a sand-covered staircase.
  2994 | Ossuary  | Entered an ossuary
  3620 | D:5      | Reached XP level 7. HP: 53/57 MP: 6/6
  3747 | D:4      | Reached * piety under Hepliaklqana
  3857 | D:5      | Reached skill level 10 in Maces & Flails
  4289 | D:6      | Reached XP level 8. HP: 44/57 MP: 7/7
  4430 | D:6      | Noticed Duvessa
  4431 | D:6      | Noticed Dowan
  4446 | D:6      | Killed Dowan
  4447 | D:6      | Killed Duvessa
  4655 | D:6      | Found a staircase to the Ecumenical Temple.
  4850 | D:6      | Reached XP level 9. HP: 62/63 MP: 8/8
  4877 | D:6      | Reached skill level 5 in Armour
  4962 | D:6      | Reached skill level 5 in Shields
  5359 | Temple   | Entered the Ecumenical Temple
  5854 | D:4      | Paralysed by Grinder for 4 turns
  5860 | D:4      | Killed Grinder
  5971 | D:4      | Reached ** piety under Hepliaklqana
  5974 | D:4      | Found a shadowy altar of Dithmenos.
  5976 | D:4      | Found a sacrificial altar of Ru.
  6115 | D:4      | Remembered your ancestor Hrothgar as a battlemage
  6677 | D:7      | Found the amulet of Elemental Vulnerability {rPois rF--
                  | rC-- AC+8}
  6704 | D:7      | Identified the +6 mace of Context {vorpal, rPois rCorr
                  | Dex+5}
  7197 | D:8      | Noticed Prince Ribbit
  7210 | D:8      | Killed Prince Ribbit
  7236 | D:8      | Noticed Grum
  7251 | D:8      | Killed Grum
  7564 | D:8      | Reached *** piety under Hepliaklqana
  7655 | D:8      | Reached XP level 10. HP: 69/69 MP: 9/9
  7715 | D:8      | Found a flagged portal.
  7731 | D:8      | Identified the +0 spear of the Vulture {freeze, Contam
                  | rElec rC+ rN++}
  7738 | Bailey   | Entered a bailey
  7837 | Bailey   | Noticed a two-headed ogre
  7844 | Bailey   | Killed a two-headed ogre
  8344 | D:8      | Learned a level 2 spell: Blink
  8525 | D:9      | Reached skill level 10 in Armour
  8592 | D:9      | Identified a scroll of acquirement
  8592 | D:9      | Acquired a manual of Armour
  8646 | D:9      | Found Duofedgh's Jewellery Shop.
  8660 | D:9      | Reached skill level 1 in Dodging
  8935 | D:9      | Found a glowing golden altar of the Shining One.
  8945 | D:9      | Found a bloodstained altar of Trog.
  9246 | D:9      | Found Elaokien's Jewellery Emporium.
  9317 | D:9      | Found Alotsase's General Store.
  9322 | D:9      | Bought a scroll of identify for 22 gold pieces
  9406 | D:9      | Reached XP level 11. HP: 76/76 MP: 10/10
  9488 | D:10     | Entered Level 10 of the Dungeon
  9788 | D:10     | Reached skill level 5 in Fighting
  9799 | D:10     | Found a snail-covered altar of Cheibriados.
  9866 | D:10     | Found an iron altar of Okawaru.
  9869 | D:10     | Found a broken altar of Ashenzari.
  9872 | D:10     | Found a hide-covered altar of Uskayaw.
  9944 | D:10     | Reached skill level 15 in Maces & Flails
 10322 | D:10     | Reached **** piety under Hepliaklqana
 10966 | D:11     | Found a staircase to the Lair.
 11060 | D:11     | Noticed Snorg
 11070 | D:11     | Killed Snorg
 11231 | D:11     | Found a gate leading to a gauntlet.
 11237 | Gauntlet | Entered a Gauntlet
 11237 | Gauntlet | Noticed a soul eater
 11237 | Gauntlet | Found a transporter.
 11237 | Gauntlet | Found a transporter.
 11243 | Gauntlet | Found a transporter.
 11256 | Gauntlet | Found a transporter.
 11274 | Gauntlet | Found a transporter.
 11274 | Gauntlet | Found a transporter.
 11276 | Gauntlet | Found a transporter.
 11276 | Gauntlet | Found a transporter.
 11277 | Gauntlet | Found a transporter.
 11289 | Gauntlet | Noticed an obsidian statue
 11289 | Gauntlet | Found the +8 storm bow {elec, penet}
 11294 | Gauntlet | Found a transporter.
 11306 | Gauntlet | Found a runed translucent door.
 11308 | Gauntlet | Found a transporter.
 11308 | Gauntlet | Noticed a dire elephant
 11310 | Gauntlet | Found a runed translucent door.
 11317 | Gauntlet | Noticed a wretched star
 11319 | Gauntlet | Found a transporter.
 11325 | Gauntlet | Found a transporter.
 11369 | Gauntlet | Found a transporter.
 11599 | Gauntlet | Identified the +2 sling of the Pyrrhic Victory {drain, Fly
                  | Will+}
 11685 | Gauntlet | Killed a wretched star
 11694 | Gauntlet | Identified the -1 pair of boots of the Pleiades {rCorr
                  | SInv}
 11759 | Gauntlet | Noticed a minotaur
 11775 | Gauntlet | Killed a minotaur
 11781 | Gauntlet | Got Siesin's Parchment of Allied Geology
 11993 | D:11     | Noticed Lodul
 12001 | D:11     | Reached skill level 5 in Dodging
 12020 | D:11     | Noticed Erica
 12038 | D:11     | Killed Erica
 12442 | D:11     | Reached XP level 12. HP: 84/90 MP: 11/11
 12763 | D:11     | Noticed a boulder beetle
 12774 | D:11     | Killed a boulder beetle
 12877 | Lair:1   | Entered Level 1 of the Lair of Beasts
 13181 | Lair:1   | Reached ***** piety under Hepliaklqana
 13845 | Lair:2   | Noticed a four-headed hydra
 13855 | Lair:2   | Killed a four-headed hydra
 14044 | Lair:2   | Reached skill level 15 in Armour
 14676 | Lair:2   | Identified the +0 crystal plate armour of Paranoia {-Tele
                  | Str+7}
 14759 | Lair:2   | Found a staircase to the Snake Pit.
 14766 | Snake:1  | Entered Level 1 of the Snake Pit
 15206 | Lair:3   | Found a staircase to the Shoals.
 15246 | Lair:3   | Reached XP level 13. HP: 90/99 MP: 12/12
 15475 | Shoals:1 | Entered Level 1 of the Shoals
 15603 | Lair:3   | Identified the +2 robe of the Flute {Harm rF+ rN+ Int+6}
 15928 | Lair:3   | Noticed a fire dragon
 15957 | Lair:3   | Killed a fire dragon
 16327 | Lair:4   | Found a viscous altar of Jiyva.
 16327 | Lair:4   | Found a staircase to the Slime Pits.
 16667 | Lair:4   | Reached ****** piety under Hepliaklqana
 17299 | Lair:5   | Entered Level 5 of the Lair of Beasts
 17314 | Lair:5   | Reached skill level 10 in Fighting
 17401 | Lair:5   | Reached skill level 1 in Throwing
 17409 | Lair:5   | Reached skill level 1 in Evocations
 18006 | Lair:5   | Noticed a dire elephant
 18006 | Lair:5   | Noticed a dire elephant
 18006 | Lair:5   | Noticed a dire elephant
 18006 | Lair:5   | Noticed a dire elephant
 18019 | Lair:5   | Killed a dire elephant
 18088 | Lair:5   | Reached XP level 14. HP: 71/109 MP: 13/13
 19237 | Lair:5   | Mangled by a dire elephant

Illustrated notes

Levels and vault maps discovered:
D:1:      wheals_arrival_linesprint, layout_rooms,
          chequers_ecumenical_altar_island, roderic_serpentine_path,
          minmay_misc_feat_pillars, minmay_statues_item, minmay_misc_feat_tiny
D:2:      layout_loops_ring, basic_altar, uniq_robin
D:3:      layout_loops_ring, mainiacjoe_overflow_alcove_4
D:4:      layout_loops_corners, chequers_temple_overflow_statue_of_worship,
          uniq_grinder
D:5:      layout_cave_pools, mainiacjoe_overflow_concentric_impassable,
          chequers_ossuary_entry_cave
D:6:      layout_loops_ring, minmay_temple_entry_butterflies, serial_rivers,
          chequers_serial_rivers_micro_a, chequers_serial_rivers_large_a,
          chequers_serial_rivers_micro_c, chequers_serial_rivers_micro_c,
          chequers_serial_rivers_marsh, uniq_duvessa
D:7:      layout_basic
D:8:      layout_basic, enter_bailey_2, uniq_grum, uniq_prince_ribbit1
D:9:      layout_roguey [special_room_orc], nicolae_overflow_squiral,
          serial_shops, nicolae_shop_temple_entry_statues_fountains, shop,
          nicolae_diamond_shop, nrook_uturn
D:10:     layout_layer_cave, grunt_temple_overflow_cloverleaf,
          hangedman_decor_diamond_cutter
D:11:     layout_basic, hellmonk_lair_entry_icy, gauntlet_entry_generic,
          minivault_25_ag, uniq_snorg, uniq_lodul, uniq_erica
Temple:   nicolae_temple_godzebo
Lair:1:   layout_gridlike, beast_lair_carwin_1
Lair:2:   layout_regular_city, minmay_snake_entry_guardpost_medium,
          grunt_forest_large_clearings, infiniplex_staircase_pool_2
Lair:3:   dragon1_lemuel, layout_small_grid, minmay_shoals_entry_centaurs,
          serial_forest, infiniplex_forest_join, infiniplex_forest_lined_corner,
          infiniplex_forest_lined_room_3, infiniplex_forest_zigzag_1,
          infiniplex_forest_straight_1, infiniplex_forest_corner_1
Lair:4:   layout_regular_city, slime_entry_1, chequers_serial_rivers_marsh
Lair:5:   due_jungle_book, layout_small_grid, chequers_serial_rivers_room_b,
          bobbens_ice_dragon_lair
Shoals:1: layout_shoals, serial_shops, shop
Snake:1:  layout_misc_corridors

Skill      XL: |  1  2  3  4  5  6  7  8  9 10 11 12 13 14 |
---------------+-------------------------------------------+-----
Maces & Flails | 3 4 5 6 8 9 11 13 14 16 17 18 | 18.4
Shields        | 4 7 9 |  9.9
Armour         | 4 8 11 13 16 18 | 18.8
Dodging        | 2 5 7 9 |  9.3
Fighting       | 4 7 9 10 | 10.8
Throwing       | 2 3 |  3.2
Evocations     | 2 |  2.9

Action                   |  1- 3 |  4- 6 |  7- 9 | 10-12 | 13-15 || total
-------------------------+-------+-------+-------+-------+-------++-------
Melee: Flail             |    94 |   191 |   251 |   504 |   328 ||  1368
       Headbutt          |    13 |    35 |    49 |   103 |   111 ||   311
Invok: Ancestor Life: Ba |       |       |     1 |       |       ||     1
  Use: Scroll            |     1 |     7 |     1 |    21 |       ||    30
       Potion            |       |       |       |     2 |       ||     2
 Stab: Distracted        |       |       |     2 |     9 |     7 ||    18
Armor: Scale mail        |    38 |    64 |    75 |     4 |       ||   181
       Chain mail        |       |       |       |   200 |   163 ||   363
Dodge: Dodged            |    41 |    71 |   168 |   376 |   223 ||   879
Block: Buckler           |    14 |    36 |    53 |   155 |   101 ||   359

Table legend: (Time is in decaauts)
 A = Elapsed time spent in this place.
 B = Non-inter-level travel time spent in this place.
 C = Inter-level travel time spent in this place.
 D = Time resting spent in this place.
 E = Time spent auto-exploring this place.
 F = Levels seen in this place.
 G = Mean time per level.
                   A        B        C        D        E       F      G
               +--------+--------+--------+--------+--------+-----+--------+
         Total |  19051 |  18485 |    566 |   3329 |   9993 |  22 |  866.0 |
       Dungeon |  11153 |  10695 |    458 |   1573 |   6296 |  11 | 1013.9 |
        Temple |    129 |    102 |     27 |      0 |     85 |   1 |  129.0 |
          Lair |   6233 |   6152 |     81 |   1334 |   3526 |   5 | 1246.6 |
        Shoals |      1 |      1 |      0 |      0 |      0 |   1 |    1.0 |
     Snake Pit |      1 |      1 |      0 |      0 |      0 |   1 |    1.0 |
       Ossuary |    525 |    525 |      0 |    106 |     30 |   1 |  525.0 |
        Bailey |    283 |    283 |      0 |     73 |     23 |   1 |  283.0 |
      Gauntlet |    721 |    721 |      0 |    243 |     32 |   1 |  721.0 |
               +--------+--------+--------+--------+--------+-----+--------+

Top non-repeatable levels by time:
  Lair:5: 1877 daAuts
    D:10: 1397 daAuts
  Lair:3: 1252 daAuts
    D:11: 1215 daAuts
     D:6: 1213 daAuts
     D:8: 1158 daAuts
  Lair:2: 1092 daAuts
  Lair:1: 1051 daAuts
  Lair:4: 959 daAuts
     D:9: 951 daAuts
     D:2: 946 daAuts
     D:5: 938 daAuts
     D:7: 885 daAuts
     D:4: 876 daAuts
     D:3: 839 daAuts
